 Dungeon Crawl Stone Soup version 0.17.1-3-g152610e (webtiles) character file.

10637 Gargoyl the Cleaver (level 11, -2/69 HPs)
             Began as a Demonspawn Abyssal Knight on Mar 12, 2016.
             Was an Elder of Lugonu.
             Killed by divine providence
             ... invoked by an orc priest
              (10 damage)
             ... on level 3 of the Orcish Mines.
             The game lasted 00:37:26 (14244 turns).

Gargoyl the Cleaver (Demonspawn Abyssal Knight)    Turns: 14244, Time: 00:37:26

Health: -2/69      AC: 24    Str: 21 (22) XL:     11   Next: 38%
Magic:  1/15       EV:  4    Int: 11 (13) God:    Lugonu [****..]
Gold:   760        SH:  8    Dex:  9 (10) Spells: 0 memorised, 10 levels left

rFire  . . .     SeeInvis .     F - +7 war axe
rCold  . . .     Clarity  .     w - +1 crystal plate armour of an ice cave {Regen+}
rNeg   . . .     SustAt   .     d - +3 buckler {reflect}
rPois  .         Gourm    .     s - +2 helmet
rElec  .         Spirit   .     l - +2 cloak
rCorr  .         Warding  .     z - +0 pair of gloves
rMut   .         Stasis   .     (no boots)
MR     .....                    (no amulet)
Stlth  ..........               (no ring)
                                q - ring of stealth

@: mighty, not resistant to hostile enchantments, extremely unstealthy
A: claws 1, slimy green scales 2, blurry vision 1, clumsy 1, deformed body,
deterioration 1, frail 2, sense surroundings 1, powered by pain 2, screaming 1
a: Depart the Abyss, Bend Space, Banish, Corrupt, Renounce Religion


You were on level 3 of the Orcish Mines.
You worshipped Lugonu.
Lugonu was greatly pleased with you.
You were hungry.

You visited 2 branches of the dungeon, and saw 15 of its levels.
You visited the Abyss 1 time.

You collected 850 gold pieces.
You spent 90 gold pieces at shops.

Inventory:

Hand Weapons
 B - a +1 flail of crushing
 F - a +7 war axe (weapon)
Missiles
 a - 13 tomahawks
 y - 8 javelins (quivered)
Armour
 d - a +3 buckler of reflection (worn)
 l - a +2 cloak (worn)
 s - a +2 helmet (worn)
 t - a +1 hat
 w - the +1 crystal plate armour of an ice cave (worn) {Regen+}
   (You acquired it on level 10 of the Dungeon)

   It increases your rate of regeneration.
 z - a +0 pair of gloves (worn)
Jewellery
 q - a ring of stealth (left hand)
Wands
 e - a wand of magic darts (25)
 o - a wand of draining (8)
 u - a wand of magic darts (35)
 D - a wand of cold (8)
 E - a wand of invisibility (4)
Scrolls
 f - 5 scrolls of remove curse
 g - 2 scrolls of teleportation
 h - 8 scrolls of identify
 j - a scroll of recharging
 p - a scroll of amnesia
Potions
 i - a potion of lignification
 k - 2 potions of curing
 r - a potion of haste
 v - 4 potions of brilliance
 C - a potion of berserk rage
Miscellaneous
 A - a stone of tremors
Comestibles
 b - 2 chunks of flesh
 c - 7 bread rations
 m - 3 meat rations
 x - 7 beef jerkies


   Skills:
 + Level 8.8 Fighting
 + Level 8.9(9.0) Axes
 + Level 1.1(5.7) Maces & Flails
 + Level 8.6 Armour
 + Level 3.7 Dodging
 + Level 1.6 Stealth
 + Level 6.1 Shields
 + Level 6.1 Invocations


You had 10 spell levels left.
You didn't know any spells.

Dungeon Overview and Level Annotations

Branches:
Dungeon (11/15)            Temple (0/1) D:6            Lair (0/8) D:9
    Orc (4/4) D:10            Elf (0/3) Orc:3

Altars:
Cheibriados
Dithmenos
Ru
Xom
Beogh

Shops:
D:7 *

Annotations:
Orc:3 Snorg


Innate Abilities, Weirdness & Mutations

You have sharp fingernails.
You are mostly covered in slimy green scales (AC +3).
You sometimes gain power by taking damage.
Scrolls take you a little longer to read.
You are clumsy. (Dex -2)
Armour fits poorly on your strangely shaped body.
Your body sometimes deteriorates upon taking damage.
You are very frail (-20% HP).
You passively map a small area around you.
You occasionally shout uncontrollably at your foes.


Message History

You block Snorg's attack. Snorg completely misses you. Snorg barely misses you.
An orc comes into view. It is wielding a whip.
The orc shouts!
The orc moves out of view.
You block Snorg's attack. Snorg claws you.
* * * LOW HITPOINT WARNING * * *
Snorg claws you!
* * * LOW HITPOINT WARNING * * *
Found 19 gold pieces.
Your surroundings suddenly seem different.
An orc priest comes into view. It is wielding a short sword.
The orc priest shouts!
An orc wizard comes into view. It is wielding a dagger.
The orc wizard shouts!
An orc comes into view. It is wielding a trident.
The orc shouts!
An orc comes into view. It is wielding a club.
The orc shouts!
You hear a shout!
The orc priest calls down the wrath of Beogh upon you.
Something smites you!
You die...

## ##.## * * ,
...### * * ,
#..#o##... , , ,
#.o..o.... , , ,
#@# , , , #...#
,....o.. , , , ,
, , o...#......,
, ,
...............,
,
...............
,..... .........
,
...............
, ,


You could see an orc priest, an orc wizard and 3 orcs.

Vanquished Creatures
  Gastronok (Orc:1)
  Josephine (Orc:2)
  A gargoyle (D:10)
  A two-headed ogre (D:10)
  Prince Ribbit (D:5)
  3 wraiths (Orc:1)
  Sigmund (D:4)
  A deep elf mage (D:9)
  7 yaks (D:10)
  A wyvern (D:9)
  A steam dragon (D:9)
  A hippogriff (D:11)
  Menkaure (D:4)
  2 insubstantial wisps (D:9)
  A warg (Orc:3)
  A water moccasin (D:10)
  An ice beast (D:5)
  5 sky beasts
  5 orc warriors
  2 phantoms
  2 centaurs
  4 ogres
  4 giant frogs
  A gnoll sergeant (D:8)
  A wyvern zombie (D:9)
  4 scorpions
  4 wights (D:8)
  A wyvern skeleton (D:7)
  A water moccasin skeleton (D:9)
  5 hounds
  A centaur zombie (D:5)
  A giant frog zombie (D:8)
  10 orc wizards
  A jelly (D:5)
  2 crimson imps
  5 quasits
  12 orc priests
  2 centaur skeletons
  2 giant frog skeletons
  2 iguanas
  7 worker ants
  2 hound zombies (D:6)
  2 hound skeletons
  15 adders
  11 gnolls
  A worker ant zombie (D:9)
  A shadow imp (D:8)
  2 adder zombies
  3 worms
  3 giant geckos
  83 orcs
  3 giant cockroaches
  10 goblins
  10 hobgoblins
  3 jackals (D:6)
  9 quokkas
  2 ball pythons
  7 bats
  A giant cockroach zombie (D:5)
  2 giant gecko skeletons
  6 giant newts
  3 jackal skeletons
  9 kobolds
  A quokka zombie (D:6)
  3 rats
302 creatures vanquished.

Vanquished Creatures (others)
  A two-headed ogre (D:9)
  2 sky beasts (D:9)
  An ogre (D:7)
4 creatures vanquished.

Grand Total: 306 creatures vanquished

Notes
Turn   | Place    | Note
--------------------------------------------------------------
     0 | Abyss:1  | Gargoyl the Demonspawn Abyssal Knight began the quest for the Orb.
     0 | Abyss:1  | Reached XP level 1. HP: 18/18 MP: 2/2
    43 | Abyss:1  | Noticed a small abomination
    43 | D:1      | Escaped the Abyss
   578 | D:1      | Gained mutation: You are partially covered in slimy green scales (AC +2). [demonic ancestry]
   578 | D:1      | Reached XP level 2. HP: 24/24 MP: 4/4
   657 | D:1      | Reached * piety under Lugonu
  1280 | D:2      | Reached XP level 3. HP: 22/29 MP: 5/5
  1455 | D:2      | Reached skill level 1 in Dodging
  1946 | D:2      | Gained mutation: You are mostly covered in slimy green scales (AC +3). [demonic ancestry]
  1946 | D:2      | Reached XP level 4. HP: 28/35 MP: 6/6
  2624 | D:3      | Found a sacrificial altar of Ru.
  2898 | D:3      | Reached ** piety under Lugonu
  3009 | D:4      | Reached skill level 1 in Stealth
  3009 | D:4      | Gained mutation: You sometimes gain a little power by taking damage. [demonic ancestry]
  3009 | D:4      | Reached XP level 5. HP: 21/42 MP: 7/7
  3241 | D:4      | Found a shadowy altar of Dithmenos.
  3460 | D:4      | Noticed Sigmund
  3485 | D:4      | Reached skill level 4 in Fighting
  3513 | D:4      | Killed Sigmund
  3513 | D:4      | Reached XP level 6. HP: 21/48 MP: 8/8
  3907 | D:4      | Noticed Menkaure
  3923 | D:4      | Killed Menkaure
  3923 | D:4      | Reached XP level 7. HP: 12/55 MP: 9/9
  4546 | D:4      | Reached skill level 1 in Maces & Flails
  4556 | D:5      | Entered Level 5 of the Dungeon
  4898 | D:5      | Noticed Prince Ribbit
  5496 | D:5      | Found a shimmering altar of Xom.
  5526 | D:5      | Reached skill level 5 in Armour
  5802 | D:6      | Reached XP level 8. HP: 52/61 MP: 10/10
  5889 | D:6      | Identified a scroll of acquirement
  5931 | D:6      | Reached skill level 5 in Fighting
  6241 | D:6      | Reached skill level 5 in Axes
  6317 | D:6      | Found a staircase to the Ecumenical Temple.
  6595 | D:7      | Reached skill level 1 in Shields
  6780 | D:7      | Reached *** piety under Lugonu
  7177 | D:7      | Reached skill level 6 in Armour
  7463 | D:7      | Gained mutation: You have sharp fingernails. [demonic ancestry]
  7463 | D:7      | Reached XP level 9. HP: 67/69 MP: 11/11
  7781 | D:7      | Found Lunaenn's General Store.
  7784 | D:7      | Bought 2 potions of curing for 90 gold pieces
  8105 | D:8      | Reached **** piety under Lugonu
  8656 | D:8      | Gained mutation: You are frail (-10% HP). [mutagenic meat]
  8657 | D:8      | Gained mutation: You occasionally shout uncontrollably at your foes. [mutagenic meat]
  8658 | D:8      | Gained mutation: Scrolls take you a little longer to read. [mutagenic meat]
  8659 | D:8      | Gained mutation: You are very frail (-20% HP). [mutagenic meat]
  9029 | D:5      | Killed Prince Ribbit
  9367 | D:9      | Found a staircase to the Lair.
  9436 | D:9      | Reached skill level 7 in Axes
  9564 | D:8      | Gained mutation: Armour fits poorly on your strangely shaped body. [mutagenic meat]
  9565 | D:8      | Gained mutation: You passively map a small area around you. [mutagenic meat]
  9568 | D:8      | Gained mutation: Your body sometimes deteriorates upon taking damage. [mutagenic meat]
  9569 | D:8      | Gained mutation: You are clumsy. (Dex -2) [mutagenic meat]
  9623 | D:9      | Gained mutation: You sometimes gain power by taking damage. [demonic ancestry]
  9623 | D:9      | Reached XP level 10. HP: 53/63 MP: 12/12
  9766 | D:9      | Found a snail-covered altar of Cheibriados.
  9964 | D:10     | Entered Level 10 of the Dungeon
 11192 | D:10     | Reached skill level 5 in Invocations
 11428 | D:10     | Got a smoking crystal plate armour
 11439 | D:10     | Identified the +1 crystal plate armour of an ice cave {Regen+} (You acquired it on level 10 of the Dungeon)
 11475 | D:10     | Found a roughly hewn altar of Beogh.
 11475 | D:10     | Found a staircase to the Orcish Mines.
 11498 | D:10     | Reached skill level 5 in Shields
 11802 | D:10     | Reached skill level 8 in Fighting
 12343 | Orc:1    | Entered Level 1 of the Orcish Mines
 12543 | Orc:1    | Noticed Gastronok
 12669 | Orc:1    | Killed Gastronok
 12669 | Orc:1    | Reached XP level 11. HP: 14/69 MP: 13/15
 12934 | Orc:2    | Noticed Josephine
 12985 | Orc:1    | HP: 4/103 [wraith[Josephine] (6)]
 13190 | Orc:2    | Killed Josephine
 14037 | Orc:3    | You fall through a shaft!
 14037 | Orc:4    | Entered Level 4 of the Orcish Mines
 14215 | Orc:3    | Reached ***** piety under Lugonu
 14229 | Orc:3    | Noticed Snorg
 14244 | Orc:3    | Found a staircase to the Elven Halls.
 14244 | Orc:3    | Killed from afar by an orc priest

Action                   |  1- 3 |  4- 6 |  7- 9 | 10-12 || total
-------------------------+-------+-------+-------+-------++-------
Melee: Hand axe          |    88 |   164 |    56 |       ||   308
       Flail             |       |    40 |       |       ||    40
       War axe           |       |       |   569 |   504 ||  1073
Throw: Tomahawk          |       |       |     1 |       ||     1
Invok: Depart the Abyss  |     1 |       |       |       ||     1
       Banish            |       |       |     1 |    14 ||    15
  Use: Potion            |       |     5 |     6 |     6 ||    17
       Scroll            |       |       |    23 |    12 ||    35
 Stab: Sleeping          |     2 |     1 |       |       ||     3
  Eat: Bread ration      |     1 |       |     1 |     2 ||     4
       Chunk             |       |     5 |    18 |     6 ||    29
       Fruit             |       |     1 |     7 |       ||     8
       Royal jelly       |       |     1 |       |       ||     1
       Pizza             |       |       |     2 |       ||     2
       Beef jerky        |       |       |     1 |     2 ||     3
